Description

PvZ PartinG Glaive adept robo opening :) You can use adept shade to harass workers and warp prism to reinforce army and micro.

Replay - 2020-04-02 - (P)PartinG VS (Z)JimRising

Build Order

Get SALT Encoding   

  12  0:00  Probe  
  13  0:13  Probe  
  14  0:18  Pylon  
  14  0:25  Probe (Chrono Boost)  
  15  0:37  Probe (Chrono Boost), Gateway  
  16  0:45  Probe (Chrono Boost)  
  16  0:46  Assimilator  
  17  0:51  Probe  
  18  1:03  Probe  
  19  1:15  Probe  
  20  1:23  Nexus  
  20  1:32  Cybernetics Core  
  20  1:35  Probe  
  21  1:41  Assimilator  
  21  1:47  Probe  
  21  1:51  Pylon  
  23  2:07  Adept (Chrono Boost)  
  23  2:08  Warp Gate  
  26  2:21  Twilight Council  
  28  2:31  Stalker  
  34  2:58  Gateway, Resonating Glaives (Chrono Boost)  
  37  3:15  Adept  
  41  3:21  Robotics Facility  
  42  3:27  Pylon  
  43  3:34  Pylon  
  47  3:57  Adept x2  
  47  4:00  Nexus  
  51  4:03  Pylon  
  51  4:09  Observer  
  54  4:17  Adept x2  
  54  4:21  Assimilator x2  
  58  4:28  Shield Battery  
  58  4:34  Immortal (Chrono Boost)  
  66  4:46  Sentry x2  
  66  4:47  Assimilator  
  66  4:51  Forge  
  70  4:53  Blink  
  70  5:05  Immortal (Chrono Boost)  
  66  5:21  Sentry x2  
  69  5:24  Protoss Ground Weapons Level 1 (Chrono Boost)  
  74  5:31  Photon Cannon  
  74  5:37  Gateway x2  
  77  5:44  Gateway  
  77  5:46  Sentry  
  77  5:49  Gateway  
  79  5:56  Warp Prism (Chrono Boost)  
  84  6:06  Sentry  
  88  6:14  Sentry  
  90  6:22  Gateway x2  
  90  6:28  Assimilator  
  90  6:29  Sentry  
  92  6:34  Stalker x3  
  101  6:43  Photon Cannon  
  101  6:46  Stalker x2  
  105  6:54  Stalker  
  105  6:57  Photon Cannon  
  110  7:05  Stalker x3  
  116  7:09  Adept x2  
  114  7:25  Adept x2  
  115  7:52  Nexus  
Spawning Tool Build Advisor. Get it on Overwolf

Go to:

Details

  • Created by: LightWisdom
  • Published on: Jun 15, 2020
  • Modified on: Jun 20, 2020
  • Patch: 4.11.0
  • Difficulty: Hard
Show
View Real Time Build Order
Export as new Build Order

Comments (0)

There are no comments. Be the first!

Create an account to comment!